Workbook

Sheet Investissements
A5: Nom de l'EVI | D5: Code: BE01
A6: Numéro de compte Cofeba
A8: Investissements
C10: MONTANTS | D10: SOUS-TOTAL
A11: Frais d'intallation: p.ex. création d'une société...) | D11: =C11 -> 0
A12: Immobilisations corporelles (à acheter nouveau) | D12: =SUM(C13:C17) -> 0
A13: Aménagement du bâtiment (sol, murs…)
A14: Machines et appareils
A15: Mobilier
A16: Matériel et logiciels
A17: Matériel roulant (voitures…)
A18: Immobilisations financières (p.ex. garantie locative) | D18: =C18 -> 0
A19: Actifs circulants | D19: =SUM(C20:C22) -> 0
A20: Stock des matières premières
A21: Stock des marchandises
A22: Réserve bancaire
A24: * les lignes marquées en jaune représentent des frais réels, mais impossibles à dépenser dans le réseau de la COFEP.
A25: Remplissez les cases en cas de besoin, mais les frais ne seront pas pris en compte.

Sheet Plan de frais fixes (1)
A5: Nom de l'EVI: | B5: =Investissements!B5 -> 0 | D5: =Investissements!D5 -> Code: BE01
A6: Numéro de compte COFEBA | C6: =Investissements!C6 -> 0
A8: Plan de frais fixes (1)
C10: MONTANTS | D10: SOUS-TOTAL
A11: Frais de logement | D11: =SUM(C12:C18) -> 0 | F11: Le frais mensuel attendu x le nombre de mois d'activités.
A12: Location
A13: Précompte immobilier
A14: Gaz, eau, électricité, chauffage
A15: Assurances (incendie…)
A16: Embellissements, aménagement, réparation
A17: Sécurité incendie
A18: … (à compléter)
A19: Frais administratifs | D19: =SUM(C20:C25) -> 0
A20: Téléphone, GSM, courrier, Internet
A21: Comptabilité
A22: Accessoires de bureau
A23: Taxes
A24: Frais de dépôt des comptes annuels
A25: … (à compléter)
A26: Frais de publicité | D26: =SUM(C27:C35) -> 0
A27: Publicité (dépliants, en ligne…)
A28: Site web
A29: Sponsoring
A30: Relations publiques
A31: Etalage/showroom
A32: Foires
A33: Cadeaux de relation, échantillons…
A34: Emballage
A35: … (à compléter)
A38: TOTAL (1) | D38: =SUM(D5:D36) -> 0

Sheet Plan de frais fixes (2)
A5: Nom de l'EVI | B5: =Investissements!B5 -> 0 | D5: =Investissements!D5 -> Code: BE01
A6: Numéro de compte Cofeba | C6: =Investissements!C6 -> 0
A8: Plan de frais fixes (2)
C10: MONTANTS | D10: SOUS-TOTAL
A11: Frais d'exploitation et de production | D11: =SUM(C12:C19) -> 0
A12: Entretien et réparation des machines et appareils
A13: Achat et nettoyage de vêtements professionnels
A14: Outils et petit matériel
A15: Abonnements et affiliations
A16: Soins aux personnes, hygiène
A17: Assurances
A18: SABAM
A19: … (à compléter)
A20: Frais de personnel | D20: =SUM(C21:C26) -> 0
A21: Coût des salaires
A22: Service médical
A23: Secrétariat social
A24: Formation
A25: Asssurances (personnel)
A26: … (à compléter)
A27: Frais de déplacement | D27: =SUM(C28:C32) -> 0
A28: Assurances et taxes
A29: Carburant
A30: Entretien et réparation du matériel roulant
A31: Taxe de circulation
A32: … (à compléter)
A33: Frais financiers | D33: =SUM(C34:C37) -> 0
A34: Frais bancaires
A35: Intérêts
A36: Frais de leasing
A37: … (à compléter)
A38: Amortissements | D38: =C38 -> 0
A40: TOTAL (2) | D40: =SUM(D11:D38) -> 0

Sheet Plan financier
A6: Nom de l'EVI | B6: =Investissements!B5 -> 0 | D6: =Investissements!D5 -> Code: BE01
A7: Numéro de compte (entreprise) Cofeba | C7: =Investissements!C6 -> 0
A9: Plan financier
A11: Investissements
D12: Montants
A13: =Investissements!A11 -> Frais d'intallation: p.ex. création d'une société...) | D13: =Investissements!D11 -> 0
A14: =Investissements!A12 -> Immobilisations corporelles (à acheter nouveau) | D14: =Investissements!D12 -> 0
A15: =Investissements!A18 -> Immobilisations financières (p.ex. garantie locative) | D15: =Investissements!D18 -> 0
A16: =Investissements!A19 -> Actifs circulants | D16: =Investissements!D19 -> 0
A18: Total investissements | D18: =SUM(D13:D17) -> 0
A20: Frais fixes
D21: Montants
A22: ='Plan de frais fixes (1)'!A11 -> Frais de logement | D22: ='Plan de frais fixes (1)'!D11 -> 0
A23: ='Plan de frais fixes (1)'!A19 -> Frais administratifs | D23: ='Plan de frais fixes (1)'!D19 -> 0
A24: ='Plan de frais fixes (1)'!A26 -> Frais de publicité | D24: ='Plan de frais fixes (1)'!D26 -> 0
A25: ='Plan de frais fixes (2)'!A11 -> Frais d'exploitation et de production | D25: ='Plan de frais fixes (2)'!D11 -> 0
A26: ='Plan de frais fixes (2)'!A20 -> Frais de personnel | D26: ='Plan de frais fixes (2)'!D20 -> 0
A27: ='Plan de frais fixes (2)'!A27 -> Frais de déplacement | D27: ='Plan de frais fixes (2)'!D27 -> 0
A28: ='Plan de frais fixes (2)'!A33 -> Frais financiers | D28: ='Plan de frais fixes (2)'!D33 -> 0
A29: ='Plan de frais fixes (2)'!A38 -> Amortissements | D29: ='Plan de frais fixes (2)'!D38 -> 0
A31: Total frais fixes | D31: =SUM(D22:D30) -> 0
A33: Montant à financer | D33: =D18+D31 -> 0
